 Dungeon Crawl Stone Soup version 0.20-a0-555-gf6ae02d (webtiles) character file.

7490 M4edhros the Covert (level 11, -2/74 HPs)
             Began as an Octopode Artificer on Feb 6, 2017.
             Was an Elder of Fedhas.
             Slain by a white ugly thing (18 damage)
             ... on level 11 of the Dungeon on Feb 8, 2017.
             The game lasted 00:20:35 (11379 turns).

M4edhros the Covert (Octopode Artificer)           Turns: 11379, Time: 00:20:35

Health: -2/74      AC:  1    Str: 12    XL:     11   Next: 16%
Magic:  25/25      EV: 18    Int: 12    God:    Fedhas [****..]
Gold:   557        SH:  0    Dex: 15    Spells: 2/10 levels left

rFire    . . .     SeeInvis .   e - +0 dagger (protect)
rCold    . . .     Gourm    .   (no shield)
rNeg     . . .     Faith    .   (helmet restricted)
rPois    .         Spirit   .   h - amulet of harm
rElec    .         Reflect  .   x - ring of wizardry
rCorr    +         Harm     +   G - ring of magical power
MR       .....                  H - ring of resist corrosion
Stlth    +++++++...             (no ring)
Regen    0.3/turn               (no ring)
                                (no ring)
                                (no ring)
                                (no ring)

@: no status effects
A: almost no armour, stealthy swim, amphibious, 8 rings, constrict 8, camouflage
1, deterioration 1, dopey 1, gelatinous body 1
a: Fungal Bloom, Evolution, Sunlight, Growth, Reproduction, Renounce Religion


You were on level 11 of the Dungeon.
You worshipped Fedhas.
Fedhas was greatly pleased with you.
You were hungry.

You visited 2 branches of the dungeon, and saw 12 of its levels.

You collected 557 gold pieces.

Inventory:

Hand Weapons
 a - a +0 short sword
 e - a +0 dagger of protection (weapon)
 l - a +1 rapier
Missiles
 u - 340 stones (quivered)
 F - 27 sling bullets
Jewellery
 h - an amulet of harm (around mantle)
 x - a ring of wizardry (left tentacle)
 E - a cursed ring of teleportation {unknown}
 G - a ring of magical power (right tentacle)
 H - a ring of resist corrosion (on tentacle)
 P - an uncursed ring of positive energy {unknown}
Wands
 b - a wand of flame (0/48)
 c - a wand of enslavement (8/24)
 d - a wand of random effects (0/48)
 y - a wand of confusion (36/48)
 A - a wand of random effects (35/48)
 M - a wand of flame (18/48)
Scrolls
 f - 2 scrolls of fear
 j - a scroll of identify
 k - 6 scrolls of recharging
 m - a scroll of teleportation
 o - 6 scrolls of remove curse
 r - 3 scrolls of fog
 J - a scroll of enchant armour
Potions
 i - a potion of berserk rage
 p - 3 potions of invisibility
 t - a potion of flight
 w - a potion of haste
 z - 2 potions of curing
 B - 4 potions of brilliance
 C - 2 potions of lignification
 D - 2 potions of magic
 I - a potion of agility
 L - a potion of cancellation
 O - 5 potions of degeneration
Books
 q - a book of Battle

   Spells                             Type                      Level
   a - Infusion                       Charms                       1
   b - Shroud of Golubria             Charms/Translocation         2
   c - Song of Slaying                Charms                       2
   d - Spectral Weapon                Hexes/Charms                 3
   e - Regeneration                   Charms/Necromancy            3
 K - a book of Conjurations

   Spells                             Type                      Level
   a - Magic Dart                     Conjuration                  1
   b - Searing Ray                    Conjuration                  2
   c - Dazzling Spray                 Conjuration/Hexes            3
   d - Fulminant Prism                Conjuration/Hexes            4
   e - Iskenderun's Mystic Blast      Conjuration                  4
   f - Iskenderun's Battlesphere      Conjuration/Charms           5
Comestibles
 g - 5 meat rations
 n - a royal jelly
 N - 24 fruits


   Skills:
 + Level 6.4 Fighting
 - Level 1.0 Short Blades
 + Level 7.1 Dodging
 + Level 14.3 Stealth
 + Level 1.1 Hexes
 + Level 1.3 Charms
 + Level 1.5 Necromancy
 * Level 6.6 Invocations
 + Level 7.6 Evocations


You had 2 spell levels left.
You knew the following spells:

 Your Spells              Type           Power        Failure   Level  Hunger
a - Regeneration          Chrm/Necr      #.........   36%         3    ####...
b - Spectral Weapon       Hex/Chrm       #.......     36%         3    ####...
c - Song of Slaying       Chrm           #.......     14%         2    ###....


Dungeon Overview and Level Annotations

Branches:
Dungeon (11/15)            Temple (1/1) D:4            Lair (0/6) D:8
    Orc (0/2) D:10

Altars:
Ashenzari
Cheibriados
Dithmenos
Elyvilon
Fedhas
Gozag
Hepliaklqana
Kikubaaqudgha
Makhleb
Nemelex Xobeh
Okawaru
Qazlal
Ru
Sif Muna
Trog
Uskayaw
Vehumet
Xom
Yredelemnul
Zin
The Shining One

Shops:
D:9 =   D:10 !


Innate Abilities, Weirdness & Mutations

You cannot wear most types of armour.
You are very stealthy in the water. (Stealth+)
You are amphibious.
You can wear up to eight rings at the same time.
You can use your tentacles to constrict eight enemies at once.
Your skin changes colour to match your surroundings (Stealth+).
Your rubbery body absorbs attacks. (AC +1, EV +1)
Your body sometimes deteriorates upon taking damage.
You are dopey. (Int -2)


Message History

Ouch! That really hurt!
You are too injured to fight recklessly!
Okay, then.
Evoke which item? (* to show all) (? for menu, Esc to quit)
Aiming: Confuse
Press: ? - help, Shift-Dir - straight line, f - white ugly thing
Aim: a white ugly thing (chance to defeat MR: 50%)
The white ugly thing resists with some effort.
This wand has 37 charges left.
The white ugly thing closely misses you.
Evoke which item? (* to show all) (? for menu, Esc to quit)
Aiming: Confuse
Press: ? - help, Shift-Dir - straight line, f/p - white ugly thing
Aim: a white ugly thing (chance to defeat MR: 50%)
The white ugly thing resists with some effort.
This wand has 36 charges left.
The white ugly thing tail-slaps you!
* * * LOW HITPOINT WARNING * * *
The white ugly thing freezes you!
You die...
Fedhas appreciates your contribution to the ecosystem.

. ..
...#############
..................
........./%......
.......#u......# ..
##@<......#
#.###.........#
#..##..........
#.#.....%.>...
##.............
##f............#
##ff...........##
###..##..........#
##..#####..........


You could see a white ugly thing and a friendly wandering mushroom.

Vanquished Creatures
  A two-headed ogre (D:10)
  A gargoyle (D:10)
  2 trolls
  Grinder (D:4)
  Prince Ribbit (D:5)
  A hippogriff (D:11)
  Sigmund (D:6)
  3 water elementals (D:10)
  2 yaks (D:11)
  2 hungry ghosts
  A water moccasin (D:7)
  4 porcupines (D:8)
  Duvessa (D:4)
  3 orc warriors
  4 ice beasts
  An ogre (D:4)
  3 centaurs
  Blork the orc (D:6)
  3 bullfrogs
  A wyvern zombie (D:9)
  Dowan (D:4)
  5 scorpions
  A water moccasin skeleton (D:10)
  2 wandering mushrooms
  A howler monkey (D:6)
  9 crimson imps
  A jelly (D:10)
  3 orc priests
  3 hounds
  3 centaur skeletons
  7 orc wizards
  6 bullfrog skeletons
  Natasha (twice) (D:3)
  2 iguanas (D:7)
  5 worker ants
  A hound skeleton (D:6)
  A howler monkey skeleton (D:9)
  11 adders
  6 gnolls
  2 shadow imps (D:8)
  An ooze (D:3)
  2 adder skeletons (D:5)
  2 worms
  2 dart slugs (D:2)
  2 leopard geckos (D:7)
  35 orcs
  A ball python (D:4)
  4 bats
  A giant cockroach (D:1)
  9 goblins
  9 hobgoblins
  4 jackals
  4 quokkas
  9 frilled lizards
  4 kobolds
  A quokka zombie (D:5)
  2 rats (D:2)
201 creatures vanquished.

Vanquished Creatures (collateral kills)
  An ugly thing (D:11)
  A water elemental (D:10)
  2 yaks (D:11)
  Menkaure (D:6)
  An acid dragon (D:11)
  An orc warrior (D:10)
  2 centaurs (D:11)
  3 ogres
  The ghost of M4edhros the Sneak, an amateur OpAr (D:4)
  A big kobold (D:10)
  2 killer bees (D:9)
  A quasit (D:10)
  2 jellies
  An orc wizard (D:9)
  A worker ant (D:7)
  2 adders
  A leopard gecko (D:6)
  6 orcs
  A jackal (D:7)
31 creatures vanquished.

Vanquished Creatures (others)
  A wolf spider zombie (D:9)
  4 wandering mushrooms
  4 centaurs
  A big kobold (D:7)
  A killer bee (D:9)
  208 toadstools
219 creatures vanquished.

Grand Total: 451 creatures vanquished

Notes
Turn   | Place    | Note
-------+----------+-------------------------------------------
     0 | D:1      | M4edhros the Octopode Artificer began the quest for the Orb.
     0 | D:1      | Reached XP level 1. HP: 13/13 MP: 3/3
    82 | D:1      | Reached skill level 2 in Stealth
   170 | D:1      | Reached XP level 2. HP: 14/18 MP: 4/4
   257 | D:1      | Reached skill level 3 in Stealth
   611 | D:4      | Noticed an ogre
   621 | D:4      | Killed an ogre
   621 | D:4      | Reached skill level 6 in Stealth
   621 | D:4      | Reached XP level 3. HP: 23/23 MP: 5/5
   621 | D:4      | Reached XP level 4. HP: 28/28 MP: 6/6
   628 | D:4      | Noticed Duvessa
   636 | D:4      | Killed Duvessa
   636 | D:4      | Reached skill level 8 in Stealth
   636 | D:4      | Reached XP level 5. HP: 33/33 MP: 7/7
   638 | D:4      | Noticed Dowan
   641 | D:4      | Killed Dowan
   641 | D:4      | Reached XP level 6. HP: 29/38 MP: 8/8
   650 | D:4      | Found a staircase to the Ecumenical Temple.
   656 | Temple   | Entered the Ecumenical Temple
   741 | Temple   | Became a worshipper of Fedhas Madash
   839 | D:3      | Noticed Natasha
   842 | D:3      | Killed Natasha
   992 | D:1      | Reached skill level 9 in Stealth
  1667 | D:2      | Reached * piety under Fedhas
  2401 | D:3      | Noticed Natasha
  2402 | D:3      | Killed Natasha
  2489 | D:3      | Found a faded altar of an unknown god.
  2928 | D:4      | Reached skill level 10 in Stealth
  2928 | D:4      | Reached XP level 7. HP: 25/43 MP: 9/9
  2983 | D:4      | Noticed M4edhros's ghost (amateur OpAr)
  2990 | D:4      | Killed M4edhros's ghost
  3728 | D:4      | Noticed Grinder
  3734 | D:4      | Killed Grinder
  3734 | D:4      | Reached skill level 11 in Stealth
  3802 | D:5      | Entered Level 5 of the Dungeon
  3853 | D:5      | Reached ** piety under Fedhas
  4086 | D:5      | Noticed Prince Ribbit
  4089 | D:5      | Reached XP level 8. HP: 43/48 MP: 10/10
  4096 | D:5      | Killed Prince Ribbit
  4096 | D:5      | Reached skill level 12 in Stealth
  4194 | D:5      | Learned a level 3 spell: Regeneration
  5401 | D:6      | Noticed Sigmund
  5409 | D:6      | Killed Sigmund
  5462 | D:6      | Noticed Blork the orc
  5474 | D:6      | Killed Blork the orc
  5760 | D:6      | Noticed Menkaure
  5777 | D:6      | Killed Menkaure
  5777 | D:6      | Reached XP level 9. HP: 58/58 MP: 12/12
  5824 | D:6      | Found a sparkling altar of Nemelex Xobeh.
  6235 | D:7      | Reached skill level 13 in Stealth
  6312 | D:7      | Reached skill level 5 in Evocations
  6340 | D:7      | Reached skill level 5 in Dodging
  6342 | D:7      | Reached *** piety under Fedhas
  6640 | D:7      | Found a shimmering altar of Xom.
  6822 | D:7      | Found a snail-covered altar of Cheibriados.
  6882 | D:7      | Reached skill level 5 in Fighting
  6995 | D:7      | Learned a level 3 spell: Spectral Weapon
  6998 | D:7      | Learned a level 2 spell: Song of Slaying
  7099 | D:7      | Found a hide-covered altar of Uskayaw.
  7185 | D:7      | Reached skill level 1 in Invocations
  7582 | D:8      | Found a staircase to the Lair.
  7585 | D:8      | Reached XP level 10. HP: 66/66 MP: 14/14
  8437 | D:9      | Reached **** piety under Fedhas
  8512 | D:9      | Found Anegaat's Jewellery Emporium.
  8539 | D:9      | Found an opulent altar of Gozag.
  8539 | D:9      | Found a stormy altar of Qazlal.
  8573 | D:9      | Found a hazy altar of Hepliaklqana.
  9028 | D:10     | Entered Level 10 of the Dungeon
  9031 | D:10     | Noticed a two-headed ogre
  9057 | D:10     | Killed a two-headed ogre
  9057 | D:10     | Reached skill level 14 in Stealth
  9659 | D:10     | Noticed a gargoyle
  9774 | D:10     | Killed a gargoyle
  9774 | D:10     | Reached skill level 5 in Invocations
  9834 | D:10     | Found Nicsy's Distillery.
 10024 | D:10     | Found a staircase to the Orcish Mines.
 10970 | D:11     | Noticed a red ugly thing
 10983 | D:11     | Killed a red ugly thing
 10983 | D:11     | Reached XP level 11. HP: 73/73 MP: 16/16
 10987 | D:11     | Gained mutation: Your body sometimes deteriorates upon taking damage. [mutagenic meat]
 10988 | D:11     | Gained mutation: Your body often deteriorates upon taking damage. [mutagenic meat]
 10989 | D:11     | Lost mutation: Your body often deteriorates upon taking damage. [mutagenic meat]
 10990 | D:11     | Gained mutation: You are dopey. (Int -2) [mutagenic meat]
 11312 | D:11     | Reached skill level 1 in Necromancy
 11326 | D:11     | Reached skill level 1 in Hexes
 11343 | D:11     | Reached skill level 1 in Charms
 11371 | D:11     | Noticed a white ugly thing
 11379 | D:11     | Slain by a white ugly thing

Vault maps used:
D:1:      nicolae_arrival_memento_mori, corner_web_ring
D:2:      first_bread
D:3:      chequers_ecumenical_altar_island, minmay_misc_feat_nine_boxes,
          minmay_gold_behind_fungi, corexii_corridor_pit, uniq_natasha
D:4:      temple_fountains, uniq_grinder, uniq_duvessa
D:5:      uniq_prince_ribbit1
D:6:      nemelex_xobeh_ov_fountains_minmay, uniq_blork_the_orc, uniq_menkaure,
          uniq_sigmund
D:7:      xom_confusion_cloud, cheibrodos_worm_habitat, marbit_many_paths
D:8:      grunt_lair_entry_orc_guard_hut
D:9:      lemuel_coloured_pillars_altar, gammafunk_temple_overflow_statue,
          serial_shops, nicolae_shop_crystal
D:10:     orc_0_dummy, serial_shops, nicolae_shop_statue_plus,
          blue_anna_alchemist, nicolae_underground_beach
Temple:   zaba_magenta_temple

Skill      XL: |  1  2  3  4  5  6  7  8  9 10 11 |
---------------+----------------------------------+-----
Stealth        | 2 6 8 10 11 12 13 14 | 14.3
Fighting       | 4 5 6 |  6.4
Dodging        | 4 5 7 |  7.1
Evocations     | 4 6 7 |  7.6
Invocations    | 2 6 |  6.6
Necromancy     | 1 |  1.5
Hexes          | 1 |  1.1
Charms         | 1 |  1.3
Short Blades   | |  1.0

Action                   |  1- 3 |  4- 6 |  7- 9 | 10-12 || total
-------------------------+-------+-------+-------+-------++-------
Melee: Short sword       |    31 |     7 |       |       ||    38
       Constrict         |     6 |    14 |    47 |    24 ||    91
       Tentacles         |     1 |    12 |    52 |    33 ||    98
       Rapier            |       |    73 |   229 |   115 ||   417
       Dagger            |       |       |       |    52 ||    52
 Cast: Regeneration      |       |       |     1 |     1 ||     2
Invok: Fungal Bloom      |       |    20 |    35 |    24 ||    79
       Evolution         |       |       |     3 |     7 ||    10
       Sunlight          |       |       |     3 |     1 ||     4
Evoke: Wand              |     3 |     3 |     9 |    33 ||    48
  Use: Potion            |       |     3 |     1 |       ||     4
       Scroll            |       |       |       |    18 ||    18
 Stab: Sleeping          |     2 |    20 |    25 |    11 ||    58
       Confused          |       |       |     2 |     8 ||    10
       Distracted        |       |       |       |     1 ||     1
  Eat: Bread ration      |       |     2 |     2 |     1 ||     5
       Meat ration       |       |       |     1 |       ||     1
       Royal jelly       |       |       |       |     4 ||     4
       Chunk             |       |       |       |     4 ||     4
Armor: Skin              |     2 |     5 |    12 |    10 ||    29
Dodge: Dodged            |    19 |    35 |   138 |   126 ||   318
